 Dungeon Crawl Stone Soup version 0.27.1-4-g1640c2035a (webtiles) character file.

Game seed: 11551470153391406830

318 Ekaitz the Insei (level 6, 0/50 HPs)
             Began as a Draconian Transmuter on Nov 8, 2021.
             Was an Initiate of Gozag.
             Slain by a howler monkey skeleton (5 damage)
             ... on level 4 of the Dungeon.
             The game lasted 00:05:33 (3970 turns).

Ekaitz the Insei (Draconian Transmuter)             Turns: 3970, Time: 00:05:34

Health: 0/50       AC:  6    Str: 12    XL:     6   Next: 21%
Magic:  7/9        EV: 12    Int: 14    God:    Gozag
Gold:   66         SH:  0    Dex: 13    Spells: 3/9 levels left

rFire    . . .     SeeInvis .     - Unarmed
rCold    . . .     Faith    .   (no shield)
rNeg     + . .     Spirit   .   (armour unavailable)
rPois    .         Reflect  .   (helmet currently unavailable)
rElec    .         Harm     .   (no cloak)
rCorr    .         Rampage  .   (no gloves)
Will     .....                  (boots currently unavailable)
Stlth    ++........             (no amulet)
HPRegen  0.16/turn              m - ring of positive energy
MPRegen  0.11/turn              (no ring)

@: appendages (expiring), wereblooded, gold aura
A: horns 2, talons 2, AC +6, unfitting armour, cold-blooded
a: End Transformation, Renounce Religion, Potion Petition, Call Merchant, Bribe
Branch


You were on level 4 of the Dungeon.
You worshipped Gozag.
Gozag was noncommittal.
You had temporarily grown beastly horns and talons.
You visited 1 branch of the dungeon, and saw 5 of its levels.

You collected 154 gold pieces.
You spent 33 gold pieces at shops.
You paid 55 gold pieces to Gozag.

Inventory:

Hand Weapons
 d - a +0 hunting sling
Missiles
 a - 9 poisoned darts
 b - 140 stones
 g - 12 boomerangs
 k - 98 sling bullets
Jewellery
 m - a ring of positive energy (left hand)
Wands
 l - a wand of polymorph (7)
 o - a wand of iceblast (7)
Scrolls
 c - a scroll of blinking {unknown}
 e - 3 scrolls of identify {unknown}
 f - a scroll of teleportation {unknown}
 r - a scroll of enchant armour {unknown}
 s - a scroll of fog {unknown}
Potions
 h - a potion of degeneration {unknown}
 i - 2 potions of curing
 j - a potion of attraction {unknown}
 n - a potion of mutation {unknown}
 p - a potion of heal wounds {unknown}
 q - a potion of invisibility {unknown}


   Skills:
 * Level 2.9 Fighting
 * Level 3.0 Dodging
 + Level 0.8 Stealth
 + Level 4.3 Unarmed Combat
 + Level 2.4 Spellcasting
 * Level 2.9 Transmutations
 * Level 1.4 Poison Magic
 * Level 1.2 Evocations


You had 3 spell levels left.
You knew the following spells:

 Your Spells              Type           Power      Damage    Failure   Level
a - Beastly Appendage     Tmut           18%        N/A       7%          1
b - Wereblood             Tmut           9%         N/A       11%         2
c - Spider Form           Tmut/Pois      3%         N/A       28%         3

Your spell library contained the following spells:

 Spells                   Type           Power      Damage    Failure   Level
 Ice Form                 Ice/Tmut       5%         N/A       77%         4


Dungeon Overview and Level Annotations

Branches:
Dungeon (5/15)
 Temple: D:4-7

Altars:
Dithmenos
Gozag
Ru
Vehumet
Yredelemnul

Shops:
D:1 !

Annotations:
D:4 Menkaure


Innate Abilities, Weirdness & Mutations

You have temporarily grown beastly horns and talons.
Your plain brown scales are hard. (AC +6)
You cannot fit into any form of body armour.
You are cold-blooded and may be slowed by cold attacks.


Message History

Confirm with . or Enter, or press ? or * to list all spells.
You grow a pair of large bovine horns.
Your feet morph into talons.
Menkaure shouts!
A ball python comes into view.
The ball python hisses angrily.
You hit Menkaure.
Menkaure is lightly damaged.
Menkaure hits you. The ball python bites you.
The ball python barely misses you.
You closely miss the ball python. Your headbutt misses the ball python.
Your transformation is almost over.
Menkaure's bandages flutter.
The ball python misses you. The ball python closely misses you.
Casting: Beastly Appendage (safe; 7% risk of failure)
Confirm with . or Enter, or press ? or * to list all spells.
Your blood is infused with primal strength.
The ball python bites you but does no damage.
The ball python grabs you. The ball python constricts you. Menkaure hits you!!
You barely miss the ball python. The ball python closely misses you.
The ball python constricts you. Menkaure hits you.
The ball python bites you but does no damage.
The ball python constricts you.
Unknown command.
You closely miss the ball python. Your kick misses the ball python.
You tail-slap the ball python.
You feel a bit better.
You kill the ball python!
The howler monkey skeleton hits you but does no damage.
Menkaure gestures at you while chanting.
Pain shoots through your body!
Unknown command.
You barely miss the howler monkey skeleton.
The howler monkey skeleton barely misses you.
You hit the howler monkey skeleton.
You headbutt the howler monkey skeleton.
The howler monkey skeleton is lightly damaged.
Menkaure hits you!
* * * LOW HITPOINT WARNING * * *
The howler monkey skeleton hits you.
You die...
Your body crumbles into a pile of gold.

##..............M.<.......
#Z####.##.....>....##.##.
#.##....##....#
#.##....##....#
#................ $
........##...###.
.#.#.##.##..... . ..
......$MZ....## ..
##.####@###### . .###.#
#.# .. .... #.# .. ... #.#
#. #.# #<# #.##.#####.#
#..........#
......#.####### .#.## #.#


You could see Menkaure and a howler monkey skeleton.

Vanquished Creatures
  An ogre (D:5)
  An orc priest (D:5)
  Jessica (D:2)
  Ijyb (D:3)
  An orc wizard (D:5)
  4 adders
  A shadow imp (D:5)
  A dart slug (D:1)
  5 orcs
  10 ball pythons
  8 bats
  8 endoplasms
  2 giant cockroaches (D:3)
  7 goblins
  5 hobgoblins
  3 jackals (D:1)
  3 quokkas
  2 frilled lizards
  4 kobolds
  5 rats
73 creatures vanquished.

Notes
Turn   | Place    | Note
-------+----------+-------------------------------------------
     0 | D:1      | Ekaitz the Draconian Transmuter began the quest for the
                  | Orb.
     0 | D:1      | Reached XP level 1. HP: 16/16 MP: 3/3
   294 | D:1      | Reached XP level 2. HP: 23/23 MP: 3/5
   297 | D:1      | Learned a level 2 spell: Wereblood
   821 | D:1      | Reached XP level 3. HP: 27/28 MP: 6/6
  1076 | D:1      | Found Afeigone's Distillery.
  1086 | D:1      | Bought a potion of curing for 33 gold pieces
  1142 | D:2      | Found a shadowy altar of Dithmenos.
  1338 | D:2      | Learned a level 3 spell: Spider Form
  2136 | D:2      | Noticed Jessica
  2144 | D:2      | Killed Jessica
  2145 | D:2      | Reached XP level 4. HP: 14/37 MP: 7/7
  2802 | D:3      | Found a radiant altar of Vehumet.
  2841 | D:3      | Found a basalt altar of Yredelemnul.
  2841 | D:3      | Noticed Ijyb
  2854 | D:3      | Killed Ijyb
  3014 | D:3      | You fall into a shaft and drop 2 floors!
  3014 | D:5      | Entered Level 5 of the Dungeon
  3045 | D:5      | Noticed an ogre
  3057 | D:5      | Killed an ogre
  3058 | D:5      | Reached skill level 4 in Unarmed Combat
  3058 | D:5      | Reached skill level 1 in Poison Magic
  3058 | D:5      | Reached XP level 5. HP: 27/42 MP: 5/8
  3217 | D:5      | Reached skill level 1 in Evocations
  3217 | D:5      | Reached XP level 6. HP: 22/50 MP: 2/9
  3365 | D:4      | Noticed Menkaure
  3529 | D:3      | Found a sacrificial altar of Ru.
  3862 | D:3      | Found an opulent altar of Gozag.
  3870 | D:3      | Became a worshipper of Gozag Ym Sagoz the Greedy
  3970 | D:4      | Slain by a howler monkey skeleton

Illustrated notes

Levels and vault maps discovered:
D:1:      scummos_arrival_hexagon, layout_loops_ring, serial_shops,
          nicolae_lakefront_shop, chequers_serial_rivers_micro_b,
          hangedman_decor_growths
D:2:      layout_basic, basic_altar, chequers_serial_rivers_marsh, uniq_jessica
D:3:      layout_basic, nicolae_overflow_crystal_walls,
          lemuel_coloured_pillars_altar, lemuel_doored_altar,
          mainiacjoe_overflow_alcove_2, uniq_ijyb
D:4:      layout_loops_ring, uniq_menkaure, uniq_blork_the_orc, uniq_sigmund
D:5:      layout_layer_cave, okawaru_trees_1

Skill      XL: |  1  2  3  4  5 |
---------------+----------------+-----
Dodging        | 2 3 |  3.0
Fighting       | 2 |  2.9
Unarmed Combat | 4 |  4.3
Poison Magic   | 1 |  1.4
Evocations     | 1 |  1.2
Stealth        | |  0.8
Spellcasting   | |  2.4
Transmutations | |  2.9

Action                   |  1- 3 |  4- 6 || total
-------------------------+-------+-------++-------
Melee: Unarmed           |   128 |   124 ||   252
       Tailslap          |    10 |     9 ||    19
       Kick              |     5 |     2 ||     7
       Headbutt          |     3 |     3 ||     6
       Punch             |       |     1 ||     1
 Cast: Beastly Appendage |     5 |     4 ||     9
       Spider Form       |     1 |     3 ||     4
       Wereblood         |       |     2 ||     2
 Abil: End Transformatio |     1 |       ||     1
 Stab: Sleeping          |     2 |       ||     2
Armor: Skin              |    54 |    37 ||    91
Dodge: Dodged            |    89 |    92 ||   181
